 Dungeon Crawl Stone Soup version 0.19.0-2-gae57169 (webtiles) character file.

281 derrence the Conjurer (level 6, -4/42 HPs)
             Began as a Mummy Conjurer on Nov 3, 2016.
             Was an Initiate of Yredelemnul.
             Slain by a water moccasin (10 damage)
             ... on level 4 of the Dungeon on Nov 4, 2016.
             The game lasted 01:33:08 (4557 turns).

derrence the Conjurer (Mummy Conjurer)              Turns: 4557, Time: 01:33:08

Health: -4/42      AC:  4    Str: 12    XL:     6   Next: 6%
Magic:  2/11       EV: 12    Int: 15    God:    Yredelemnul [......]
Gold:   168        SH:  0    Dex: 13    Spells: 4 memorised, 4 levels left

rFire  x . .     SeeInvis .     h - +0 mace (crush)
rCold  + . .     Gourm    .     g - +1 robe {MR+}
rNeg   + + +     Faith    .     (no shield)
rPois  ∞         Spirit   .     l - +0 helmet
rElec  .         Reflect  .     (no cloak)
rCorr  .         Harm     .     (no gloves)
MR     +....                    (no boots)
Stlth  ++........               (no amulet)
                                (no ring)
                                (no ring)

@: very slightly contaminated
A: no food or potions, fire vulnerability, cold resistance 1, negative energy
resistance 3, torment resistance, unbreathing
a: Renounce Religion


You were on level 4 of the Dungeon.
You worshipped Yredelemnul.
Yredelemnul was noncommittal.
You were not hungry.

You visited 1 branch of the dungeon, and saw 6 of its levels.

You collected 168 gold pieces.

Inventory:

Hand Weapons
 d - a +0 spear
 h - a +0 mace of crushing (weapon)
Armour
 e - a +0 robe
 g - a +1 robe of magic resistance (worn)
 l - a +0 helmet (worn)
Scrolls
 a - 2 scrolls of remove curse
 i - 2 scrolls of noise
 n - a scroll of identify
Books
 b - a book of Conjurations

   Spells                             Type                      Level
   a - Magic Dart                     Conjuration                  1
   b - Searing Ray                    Conjuration                  2
   c - Dazzling Spray                 Conjuration/Hexes            3
   d - Fulminant Prism                Conjuration/Hexes            4
   e - Iskenderun's Mystic Blast      Conjuration                  4
   f - Iskenderun's Battlesphere      Conjuration/Charms           5
 f - a book of Cantrips

   Spells                             Type                      Level
   a - Confusing Touch                Hexes                        1
   b - Animate Skeleton               Necromancy                   1
   c - Summon Small Mammal            Summoning                    1
   d - Apportation                    Translocation                1
Comestibles
 k - a bread ration
 m - a meat ration
 o - a beef jerky


   Skills:
 + Level 0.6 Fighting
 + Level 0.5 Maces & Flails
 - Level 0.2 Polearms
 + Level 2.3 Dodging
 + Level 2.1 Stealth
 + Level 3.3 Spellcasting
 + Level 4.5 Conjurations
 + Level 1.3 Necromancy
 + Level 0.3 Invocations


You had 4 spell levels left.
You knew the following spells:

 Your Spells              Type           Power        Failure   Level  Hunger
a - Magic Dart            Conj           ###.         3%          1    N/A
b - Searing Ray           Conj           ###...       6%          2    N/A
c - Animate Skeleton      Necr           N/A          12%         1    N/A
d - Dazzling Spray        Conj/Hex       #.....       24%         3    N/A

Dungeon Overview and Level Annotations

Branches:
Dungeon (6/15)             Temple (0/1) D:5

Altars:
Yredelemnul

Shops:
D:5 *

Annotations:
D:3 Grinder
D:4 Crazy Yiuf


Innate Abilities, Weirdness & Mutations

You do not eat or drink.
Your flesh is vulnerable to fire.
You are immune to poison.
Your flesh is cold resistant. (rC+)
You are immune to negative energy. (rN+++)
You are immune to unholy pain and torment.
You can survive without breathing.


Message History

You have reached level 6!
Your experience leads to an increase in your attributes!
Increase (S)trength, (I)ntelligence, or (D)exterity?
You feel agile.
The searing ray hits the water moccasin.
The water moccasin is almost dead.
You finish channeling your searing ray.
The water moccasin bites you but does no damage.
There is a stone staircase leading up here.
You climb upwards.
Level annotation: Crazy Yiuf
There is a stone staircase leading down here.
You hit the water moccasin.
The water moccasin is almost dead.
The water moccasin closely misses you. The water moccasin barely misses you.
You miss the water moccasin.
The water moccasin is almost dead.
The water moccasin bites you!
You die...
Yredelemnul claims you as an undead slave.

##.........####
#.............###########
#..........##............
#..........#######.######
#..........#####...#
#..........#.....###
##...........#####
#..........###
#.......@(.# #.......S..#
#..........# #..........#
##........## ##......##
########


You could see a water moccasin.

Vanquished Creatures
  A water moccasin (D:5)
  A hound (D:4)
  A worker ant (D:4)
  A worker ant zombie (D:4)
  4 adders
  An ooze (D:1)
  3 dart slugs
  4 leopard geckos
  2 orcs
  4 giant cockroaches
  6 goblins
  4 hobgoblins
  3 jackals
  A quokka (D:2)
  A ball python (D:2)
  11 bats
  6 frilled lizards
  2 kobolds (D:2)
  A leopard gecko skeleton (D:4)
  6 rats
63 creatures vanquished.

Vanquished Creatures (collateral kills)
  A hobgoblin (D:2)
  A rat (D:2)
2 creatures vanquished.

Vanquished Creatures (others)
  An orc zombie (D:4)
  A rat zombie (D:3)
  A fungus (D:5)
3 creatures vanquished.

Grand Total: 68 creatures vanquished

Notes
Turn   | Place    | Note
-------+----------+-------------------------------------------
     0 | D:1      | derrence the Mummy Conjurer began the quest for the Orb.
     0 | D:1      | Reached XP level 1. HP: 13/13 MP: 3/3
   214 | D:1      | Reached XP level 2. HP: 19/19 MP: 1/5
   487 | D:1      | Learned a level 2 spell: Searing Ray
   766 | D:1      | Reached XP level 3. HP: 24/24 MP: 2/6
  1120 | D:2      | Learned a level 1 spell: Animate Skeleton
  1237 | D:2      | Found a basalt altar of Yredelemnul.
  1318 | D:2      | Became a worshipper of Yredelemnul the Dark
  1989 | D:3      | Noticed Grinder
  2202 | D:3      | Reached skill level 4 in Conjurations
  2202 | D:3      | Reached XP level 4. HP: 30/30 MP: 3/7
  2555 | D:5      | Entered Level 5 of the Dungeon
  3058 | D:3      | Reached * piety under Yredelemnul
  3194 | D:4      | Found a runed door.
  3684 | D:4      | Noticed an ogre
  3742 | D:4      | Reached skill level 1 in Necromancy
  3742 | D:4      | Reached XP level 5. HP: 29/35 MP: 1/9
  3748 | D:5      | Found a staircase to the Ecumenical Temple.
  3821 | D:5      | Learned a level 3 spell: Dazzling Spray
  3947 | D:5      | Noticed a phantom
  3952 | D:4      | Noticed a phantom
  4058 | D:5      | Noticed an ogre
  4168 | D:4      | Noticed Crazy Yiuf
  4186 | D:4      | Noticed an orc warrior
  4525 | D:5      | Found Deohed's Serpentskin Sales.
  4525 | D:5      | Noticed a water moccasin
  4525 | D:5      | Noticed a water moccasin
  4526 | D:5      | Noticed a water moccasin
  4527 | D:5      | Noticed a water moccasin
  4551 | D:5      | Killed a water moccasin
  4551 | D:5      | Reached XP level 6. HP: 5/42 MP: 2/11
  4557 | D:4      | Slain by a water moccasin

Skill      XL: |  1  2  3  4  5 |
---------------+----------------+-----
Dodging        | 2 |  2.3
Conjurations   | 4 |  4.5
Spellcasting   | 3 |  3.3
Necromancy     | 1 |  1.3
Stealth        | 2 |  2.1
Fighting       | |  0.6
Maces & Flails | |  0.5
Polearms       | |  0.2
Invocations    | |  0.3

Action                   |  1- 3 |  4- 6 || total
-------------------------+-------+-------++-------
Melee: Spear             |    17 |       ||    17
       Mace              |    12 |    17 ||    29
 Cast: Magic Dart        |    74 |    45 ||   119
       Animate Skeleton  |     9 |     4 ||    13
       Searing Ray       |     6 |    14 ||    20
       Dazzling Spray    |       |     1 ||     1
Invok: Animate Remains   |       |     2 ||     2
  Use: Scroll            |     6 |     3 ||     9
Armor: Robe              |     8 |     7 ||    15
Dodge: Dodged            |    32 |    28 ||    60
